 Dungeon Crawl Stone Soup version 0.21.1-1-g345015fe64 (webtiles) character file.

116 3rdEnemy the Shooter (level 4, -1/37 HPs)
             Began as a Centaur Hunter on July 16, 2018.
             Killed from afar by Sigmund (4 damage)
             ... with a puff of flame
             ... on level 2 of the Dungeon.
             The game lasted 00:04:55 (1352 turns).

3rdEnemy the Shooter (Centaur Hunter)               Turns: 1352, Time: 00:04:55

Health: -1/37      AC:  4    Str: 15    XL:     4   Next: 69%
Magic:  4/4        EV: 10    Int: 10    God:
Gold:   27         SH:  0    Dex: 10    Spells: 3/3 levels left

rFire    . . .     SeeInvis .   a - +1 shortbow
rCold    . . .     Gourm    .   (shield currently unavailable)
rNeg     . . .     Faith    .   l - +0 robe
rPois    .         Spirit   .   (no helmet)
rElec    .         Reflect  .   (no cloak)
rCorr    .         Harm     .   (no gloves)
MR       .....                  (no barding)
Stlth    ..........             (no amulet)
HPRegen  0.12/turn              (no ring)
MPRegen  0.09/turn              (no ring)

@: confused, very quick
A: large, hooves 3, deformed body, speed 2, tough skin 3
a: no special abilities


You were on level 2 of the Dungeon.
You were hungry.

You visited 1 branch of the dungeon, and saw 2 of its levels.

You collected 27 gold pieces.

Inventory:

Hand Weapons
 a - a +1 shortbow (weapon)
 b - a +0 short sword
Missiles
 d - 17 arrows (quivered)
Armour
 l - a +0 robe (worn)
Jewellery
 k - an uncursed ring of see invisible {unknown}
Scrolls
 c - 2 scrolls of teleportation {unknown}
 e - a scroll of remove curse {unknown}
 h - 3 scrolls of identify {unknown}
 i - a scroll of fog {unknown}
 j - a scroll of immolation {unknown}
Comestibles
 f - a ration


   Skills:
 + Level 2.8 Fighting
 * Level 6.6 Bows
 + Level 1.2 Armour
 - Level 2.0 Dodging
 - Level 0.5 Stealth


You had 3 spell levels left.
You didn't know any spells.

Dungeon Overview and Level Annotations

Branches:
Dungeon (2/15)

Altars:

Annotations:
D:2 Sigmund


Innate Abilities, Weirdness & Mutations

You have hooves in place of feet.
Armour fits poorly on your strangely shaped body.
You cover ground very quickly.
You have extremely tough skin. (AC +3)


Message History

Press: ? - help, Shift-Dir - straight line You shoot an arrow.
Sigmund appears from thin air!
Reactivating autopickup.
Firing (i - inventory):
d - 19 arrows (quivered)
Press: ? - help, Shift-Dir - straight line, f - Sigmund
Aim: Sigmund, wielding a scythe of protection and wearing a robe (heavily wounded)
You shoot an arrow.
Firing (i - inventory):
d - 18 arrows (quivered)
Press: ? - help, Shift-Dir - straight line, f/p - Sigmund
Aim: Sigmund, wielding a scythe of protection and wearing a robe (heavily wounded)
You shoot an arrow.
All of the chunks of flesh in your inventory have rotted away.
Firing (i - inventory):
d - 17 arrows (quivered)
Press: ? - help, Shift-Dir - straight line, f/p - Sigmund
Aim: Sigmund, wielding a scythe of protection and wearing a robe (heavily wounded)
Okay, then.
You're too confused to move!
Sigmund points at you and mumbles some strange words.
The puff of flame hits you!
You die...

# #. . . #' . .#.
... . ... .... #
#.##.## .....
#(#.(.### ......##
.(..... ......'.
#...# ......## #@#
..... #(# .... #@#
... #.# #+# #.#
#.# #.# ### #.#
#.###(## ##.######
#.##(#.###..(##...
#(#.###S#.....#.##


You could see Sigmund.

Vanquished Creatures
  A scorpion (D:2)
  An adder (D:2)
  A dart slug (D:1)
  3 leopard geckos
  5 bats (D:1)
  A giant cockroach (D:1)
  9 goblins
  A hobgoblin (D:1)
  8 jackals
  6 kobolds
  A quokka (D:2)
  A ball python (D:2)
  2 frilled lizards (D:1)
  4 rats
44 creatures vanquished.

Notes
Turn   | Place    | Note
-------+----------+-------------------------------------------
     0 | D:1      | 3rdEnemy the Centaur Hunter began the quest for the Orb.
     0 | D:1      | Reached XP level 1. HP: 17/17 MP: 1/1
   122 | D:1      | Reached XP level 2. HP: 17/24 MP: 2/2
   531 | D:1      | Reached XP level 3. HP: 24/30 MP: 3/3
   746 | D:1      | Reached skill level 6 in Bows
  1101 | D:2      | Noticed a scorpion
  1130 | D:2      | Killed a scorpion
  1130 | D:2      | Reached skill level 1 in Armour
  1130 | D:2      | Reached XP level 4. HP: 19/37 MP: 4/4
  1274 | D:2      | Noticed Sigmund
  1328 | D:2      | HP: 1/37 [poisoned by an adder]
  1352 | D:2      | Killed from afar by Sigmund

Skill      XL: |  1  2  3 |
---------------+----------+-----
Bows           | 6 |  6.6
Armour         | 1 |  1.2
Dodging        | 2 |  2.0
Fighting       | |  2.8
Stealth        | |  0.5

Action                   |  1- 3 |  4- 6 || total
-------------------------+-------+-------++-------
Melee: Short sword       |    91 |     6 ||    97
       Kick              |    13 |     3 ||    16
 Fire: Shortbow          |    20 |    22 ||    42
  Use: Potion            |     1 |     1 ||     2
Armor: Skin              |    33 |       ||    33
       Robe              |       |     2 ||     2
Dodge: Dodged            |    60 |     2 ||    62
